 Dungeon Crawl Stone Soup version 0.23.1-37-gaa34b87 (webtiles) character file.

Game seed: 13882554337588506776

4452 poxu the Cleaver (level 10, -14/88 HPs)
             Began as a Formicid Fighter on Mar 24, 2019.
             Was a Follower of Elyvilon.
             Demolished by a two-headed ogre
             ... wielding a +0 dire flail
              (22 damage)
             ... on level 10 of the Dungeon on Mar 25, 2019.
             The game lasted 00:17:49 (8836 turns).

poxu the Cleaver (Formicid Fighter)                 Turns: 8836, Time: 00:17:50

Health: -14/88     AC:  9    Str: 28    XL:     10   Next: 63%
Magic:  12/12      EV: 10    Int:  9    God:    Elyvilon [*.....]
Gold:   714        SH: 12    Dex: 10    Spells: 9/9 levels left

rFire    . . .     SeeInvis +   a - +1 war axe
rCold    . . .     Gourm    .   c - +0 shield
rNeg     . . .     Faith    .   b - +0 scale mail
rPois    .         Spirit   .   (helmet unavailable)
rElec    .         Reflect  .   L - scarf {repulsion}
rCorr    .         Harm     +   (no gloves)
MR       +....                  s - +0 pair of boots
Stlth    ..........             h - amulet of harm
HPRegen  0.24/turn              i - +3 ring of slaying
MPRegen  0.13/turn              z - +5 ring of strength

@: repel missiles
A: permanent stasis, dig shafts and tunnels, four strong arms, antennae 3,
robust 1, screaming 1
a: Dig, Shaft Self, Lesser Healing, Divine Protection, Renounce Religion


You were on level 10 of the Dungeon.
You worshipped Elyvilon.
Elyvilon was aware of your devotion.
You were not hungry.

You visited 2 branches of the dungeon, and saw 11 of its levels.
You also visited: Sewer.

You collected 714 gold pieces.

Inventory:

Hand Weapons
 a - a +1 war axe (weapon)
Armour
 b - a +0 scale mail (worn)
 c - a +0 shield (worn)
 s - a +0 pair of boots (worn)
 t - a +0 cloak
 L - a scarf of repulsion (worn)
Jewellery
 h - an amulet of harm (around neck)
 i - a +3 ring of slaying (left hand)
 j - an uncursed ring of positive energy
 o - an uncursed ring of stealth
 u - an uncursed ring of stealth
 y - a cursed amulet of inaccuracy {unknown}
 z - a +5 ring of strength (right hand)
Wands
 C - a wand of acid (16)
 D - a wand of disintegration (13)
 M - a wand of polymorph (6)
Scrolls
 e - a scroll of random uselessness {unknown}
 l - 5 scrolls of teleportation {unknown}
 q - 8 scrolls of remove curse
 r - 5 scrolls of identify
 x - 4 scrolls of fog {unknown}
 A - a scroll of amnesia {unknown}
 E - a scroll of fear {unknown}
 F - a scroll of enchant armour {unknown}
 G - a scroll of enchant weapon
 I - a scroll of noise {unknown}
 J - a scroll of magic mapping {unknown}
 K - a scroll of silence {unknown}
 N - a scroll of blinking {unknown}
Potions
 d - 2 potions of might
 g - 2 potions of resistance
 k - 7 potions of flight
 m - 4 potions of agility
 n - a potion of degeneration {unknown}
 p - 4 potions of invisibility
 v - a potion of cancellation {unknown}
 w - a potion of ambrosia {unknown}
 B - a potion of lignification
 H - a potion of heal wounds
Comestibles
 f - 17 rations


   Skills:
 + Level 7.8 Fighting
 * Level 9.4 Axes
 + Level 7.8 Armour
 + Level 8.7 Shields
 + Level 3.2 Invocations


You had 9 spell levels left.
You didn't know any spells.
Your spell library was empty.

Dungeon Overview and Level Annotations

Branches:
Dungeon (10/15)            Temple (1/1) D:5             Orc (0/2) D:9
   Lair: D:8-11

Altars:
Ashenzari
Cheibriados
Dithmenos
Elyvilon
Fedhas
Gozag
Hepliaklqana
Kikubaaqudgha
Makhleb
Nemelex Xobeh
Okawaru
Qazlal
Ru
Sif Muna
Trog
Uskayaw
Vehumet
Wu Jian
Xom
Yredelemnul
Zin
The Shining One

Shops:
D:8 *

Annotations:
D:8 1 runed translucent door, Paps's ghost, novice OpFi


Innate Abilities, Weirdness & Mutations

You cannot be hasted, slowed, berserked, paralysed or teleported.
You can dig through walls and to a lower floor.
Your four strong arms can wield two-handed weapons with a shield.
You have a pair of large antennae on your head. (SInv)
You are robust. (+10% HP)
You occasionally shout uncontrollably at your foes.


Message History

You kill the ogre!
You slash the two-headed ogre! You slash the ogre mage!
You hit the ogre but do no damage. You block the ogre mage's attack.
You closely miss the ogre.
The ogre is heavily wounded.
You slash the two-headed ogre! You barely miss the two-headed ogre.
You hit the ogre mage. The ogre barely misses you.
You block the ogre mage's attack.
The two-headed ogre hits you with a +0 dire flail!!
The two-headed ogre hits you with a +0 giant spiked club.
The two-headed ogre hits you with a +0 giant club!!
* * * LOW HITPOINT WARNING * * *
You block the two-headed ogre's attack.
Unknown command.
The two-headed ogre misses you. The two-headed ogre barely misses you.
You block the ogre's attack. The ogre mage hits you with a +0 whip!
* * * LOW HITPOINT WARNING * * *
The two-headed ogre closely misses you.
The two-headed ogre hits you with a +0 giant spiked club!!
You die...

#####+####
#.OO@O...#
#..OOO...#
#........#
#........#
#........#
#........#
#........+
#....!...#


You could see 3 two-headed ogres, an ogre mage and 2 ogres.

Vanquished Creatures
  Harold (D:9)
  Psyche (D:9)
  A hippogriff (D:9)
  Prince Ribbit (D:6)
  Sigmund (D:5)
  Edmund (D:5)
  Duvessa (D:7)
  A sky beast (D:4)
  An eye of draining (D:9)
  A black bear (D:5)
  5 ogres
  A phantom (D:3)
  A necrophage (D:7)
  A centaur (D:9)
  A big kobold (D:8)
  5 bullfrogs
  A wyvern zombie (D:8)
  Dowan (D:7)
  A scorpion (D:4)
  5 howler monkeys
  5 crimson imps
  A centaur zombie (D:8)
  5 hounds
  A quasit (D:9)
  A jelly (D:5)
  Crazy Yiuf (D:3)
  A bullfrog skeleton (D:5)
  2 orc priests
  2 orc wizards (D:4)
  Jessica (D:3)
  Ijyb (D:3)
  An iguana (D:9)
  6 worker ants
  A hound zombie (D:5)
  7 adders
  A shadow imp (D:5)
  5 oozes
  An adder zombie (D:7)
  3 worms
  A dart slug (D:1)
  3 leopard geckos
  15 orcs
  2 ball pythons (Sewer)
  14 bats
  5 giant cockroaches
  13 hobgoblins
  11 jackals
  10 kobolds
  8 quokkas
  A ball python skeleton (D:5)
  6 frilled lizards
  10 goblins
  A leopard gecko skeleton (D:4)
  A leopard gecko zombie (D:7)
  A quokka skeleton (D:4)
  8 rats
188 creatures vanquished.

Vanquished Creatures (others)
  5 toadstools (D:8)
5 creatures vanquished.

Grand Total: 193 creatures vanquished

Notes
Turn   | Place    | Note
-------+----------+-------------------------------------------
     0 | D:1      | poxu the Formicid Fighter began the quest for the Orb.
     0 | D:1      | Reached XP level 1. HP: 18/18 MP: 1/1
    20 | D:1      | Reached XP level 2. HP: 13/24 MP: 2/2
   577 | D:1      | Reached XP level 3. HP: 29/29 MP: 3/3
   826 | D:2      | Found a blossoming altar of Fedhas.
   827 | D:2      | Found a glowing golden altar of the Shining One.
   959 | D:2      | Reached skill level 3 in Axes
   959 | D:2      | Reached XP level 4. HP: 31/37 MP: 4/4
  1428 | D:2      | Found a burning altar of Makhleb.
  1430 | D:2      | Reached XP level 5. HP: 42/42 MP: 5/5
  1850 | D:3      | Noticed Jessica
  1858 | D:3      | Killed Jessica
  1981 | D:3      | Noticed a phantom
  2005 | D:3      | Found a glowing drain.
  2011 | D:3      | Reached XP level 6. HP: 15/48 MP: 6/6
  2017 | D:3      | Killed a phantom
  2017 | D:3      | Reached skill level 4 in Axes
  2027 | Sewer    | Entered a sewer
  2398 | Sewer    | Reached skill level 5 in Shields
  2679 | Sewer    | Gained mutation: You occasionally shout uncontrollably at
                  | your foes. [potion of mutation]
  2679 | Sewer    | Gained mutation: You are robust. (+10% HP) [potion of
                  | mutation]
  2997 | D:3      | Found a runed translucent door.
  2998 | D:3      | Noticed Crazy Yiuf
  3124 | D:3      | Noticed Ijyb
  3211 | D:3      | Killed Ijyb
  3211 | D:3      | Reached XP level 7. HP: 42/60 MP: 7/7
  3568 | D:3      | Killed Crazy Yiuf
  3636 | D:4      | Reached skill level 5 in Axes
  3725 | D:4      | Reached skill level 5 in Armour
  3734 | D:4      | Reached skill level 5 in Fighting
  3836 | D:4      | Reached XP level 8. HP: 43/68 MP: 8/8
  3983 | D:4      | Found a glowing silver altar of Zin.
  3983 | D:4      | Noticed an angel
  4257 | D:4      | You fall through a shaft!
  4257 | D:5      | Entered Level 5 of the Dungeon
  4411 | D:5      | Found a staircase to the Ecumenical Temple.
  4420 | Temple   | Entered the Ecumenical Temple
  4637 | D:5      | Reached skill level 6 in Axes
  4697 | D:5      | Noticed Sigmund
  4705 | D:5      | Killed Sigmund
  5035 | D:5      | Reached XP level 9. HP: 56/75 MP: 9/9
  5511 | D:5      | Noticed Edmund
  5528 | D:5      | Killed Edmund
  5528 | D:5      | Reached skill level 7 in Axes
  5925 | D:6      | Noticed Prince Ribbit
  5939 | D:6      | Killed Prince Ribbit
  6555 | D:7      | Reached skill level 8 in Axes
  6749 | D:7      | Noticed Dowan
  6749 | D:7      | Noticed Duvessa
  6760 | D:7      | Killed Duvessa
  6763 | D:7      | Killed Dowan
  6934 | D:8      | Found Xett's Changing Room.
  6990 | D:8      | Found a runed translucent door.
  7000 | D:8      | Noticed Paps's ghost (novice OpFi)
  7134 | D:8      | Found a hide-covered altar of Uskayaw.
  7358 | D:8      | Reached XP level 10. HP: 84/85 MP: 10/10
  7454 | D:8      | Found a bloodstained altar of Trog.
  7622 | D:8      | Found a white marble altar of Elyvilon.
  7624 | D:8      | Found an iron altar of Okawaru.
  7628 | D:8      | Became a worshipper of Elyvilon the Healer
  8032 | D:9      | Reached * piety under Elyvilon
  8033 | D:9      | Reached skill level 1 in Invocations
  8043 | D:9      | Noticed Psyche
  8052 | D:9      | Killed Psyche
  8068 | D:9      | Noticed Harold
  8082 | D:9      | Killed Harold
  8082 | D:9      | Reached skill level 9 in Axes
  8620 | D:9      | Found a staircase to the Orcish Mines.
  8831 | D:10     | Entered Level 10 of the Dungeon
  8831 | D:10     | Noticed an ogre mage
  8831 | D:10     | Noticed a two-headed ogre
  8831 | D:10     | Noticed a two-headed ogre
  8831 | D:10     | Noticed a two-headed ogre
  8836 | D:10     | Demolished by a two-headed ogre

Skill      XL: |  1  2  3  4  5  6  7  8  9 10 |
---------------+-------------------------------+-----
Shields        | 4 5 6 7 8 |  8.7
Axes           | 3 4 5 6 8 9 |  9.4
Armour         | 4 5 6 7 |  7.8
Fighting       | 4 5 6 7 |  7.8
Invocations    | 3 |  3.2

Action                   |  1- 3 |  4- 6 |  7- 9 | 10-12 || total
-------------------------+-------+-------+-------+-------++-------
Melee: War axe           |    82 |   118 |   262 |    59 ||   521
       Unarmed           |       |    35 |       |       ||    35
  Use: Scroll            |       |     3 |       |       ||     3
       Potion            |       |     6 |       |     1 ||     7
  Eat: Chunk             |       |     4 |    11 |     4 ||    19
       Ration            |       |     1 |     1 |       ||     2
Armor: Scale mail        |    40 |    61 |    77 |    30 ||   208
Dodge: Dodged            |    24 |    47 |    76 |    24 ||   171
Block: Shield            |    43 |    84 |   121 |    29 ||   277
